 Dungeon Crawl Stone Soup version 0.23.2-1-ga50397a (webtiles) character file.

Game seed: 743507251780596369

1351 Fang the Skirmisher (level 8, -1/52 HPs)
             Began as a Gargoyle Berserker on May 8, 2019.
             Was an Elder of Trog.
             Slain by Pikel
             ... wielding a +0 whip of freezing
              (2 damage)
             ... on level 6 of the Dungeon.
             The game lasted 00:08:28 (4661 turns).

Fang the Skirmisher (Gargoyle Berserker)            Turns: 4661, Time: 00:08:29

Health: -1/52      AC: 17    Str: 22    XL:     8   Next: 63%
Magic:  8/8        EV:  8    Int:  9    God:    Trog [****..]
Gold:   177        SH:  0    Dex:  9    Spells: 7/7 levels left

rFire    . . .     SeeInvis +   a - +0 hand axe
rCold    + . .     Gourm    .   (no shield)
rNeg     + . .     Faith    .   b - -1 plate armour (curse)
rPois    ∞         Spirit   .   (no helmet)
rElec    +         Reflect  +   (no cloak)
rCorr    .         Harm     .   (no gloves)
MR       .....                  (no boots)
Stlth    ..........             g - +2 amulet of reflection
HPRegen  0.17/turn              e - ring of protection from cold
MPRegen  0.11/turn              l - ring of see invisible

@: confused, berserk cooldown, fainting, slowed, very slow
A: negative energy resistance 1, electricity resistance, unbreathing,
petrification resistance, rot immunity, AC +5
a: Berserk, Trog's Hand, Brothers in Arms, Renounce Religion


You were on level 6 of the Dungeon.
You worshipped Trog.
Trog was greatly pleased with you.
You were fainting.

You visited 1 branch of the dungeon, and saw 6 of its levels.
You also visited: Ossuary.

You collected 177 gold pieces.

Inventory:

Hand Weapons
 a - a +0 hand axe (weapon)
Armour
 b - a cursed -1 plate armour (worn)
Jewellery
 e - a ring of protection from cold (left hand)
 g - a +2 amulet of reflection (around neck)
 l - a ring of see invisible (right hand)
Wands
 o - a wand of iceblast (15)
 x - a wand of polymorph (4)
 E - a wand of random effects (16)
Scrolls
 j - 2 scrolls of fear {unknown}
 k - 2 scrolls of enchant weapon {unknown}
 m - a scroll of noise {unknown}
 n - a scroll of random uselessness {unknown}
 p - 7 scrolls of identify {unknown}
 r - 2 scrolls of magic mapping {unknown}
 u - 3 scrolls of enchant armour {unknown}
 v - 2 scrolls of amnesia {unknown}
 w - 2 scrolls of immolation {unknown}
 y - a scroll of torment {unknown}
 C - 2 scrolls of remove curse {unknown}
Potions
 d - a potion of resistance {unknown}
 f - 2 potions of magic {unknown}
 h - 4 potions of heal wounds {unknown}
 i - a potion of degeneration {unknown}
 q - 2 potions of flight {unknown}
 s - 2 potions of lignification {unknown}
 t - a potion of haste {unknown}
 z - a potion of curing {unknown}
 A - 2 potions of might {unknown}
 B - 2 potions of agility {unknown}
 F - a potion of mutation {unknown}
Comestibles
 c - 12 rations


   Skills:
 + Level 6.4 Fighting
 + Level 5.3 Axes
 + Level 6.0 Armour
 + Level 4.5 Dodging


You had 7 spell levels left.
You didn't know any spells.
Your spell library was empty.

Dungeon Overview and Level Annotations

Branches:
Dungeon (6/15)             Temple (0/1) D:5

Altars:
Ashenzari

Shops:
D:5 !

Annotations:
D:6 Pikel


Innate Abilities, Weirdness & Mutations

You are resistant to torment.
Your stone body is resilient. (AC +5)
You are immune to poison.
You resist negative energy. (rN+)
You are resistant to electric shocks. (rElec)
You can survive without breathing.
You are immune to petrification.
You are immune to rotting.


Message History

* * * LOW HITPOINT WARNING * * *
Pikel barely misses you. The slave hits you but does no damage.
The slave closely misses you.
Your plate armour prevents you from hitting the slave.
The slave is lightly wounded.
You hit the slave but do no damage. You hit Pikel. You closely miss the slave.
The slave closely misses you.
Pikel zaps a wand.
Your will is overpowered!
You are confused.
The slave hits you but does no damage. The slave hits you.
* * * LOW HITPOINT WARNING * * *
The shadow imp shouts, "Get thee hence, thou unhinged nut-hook nobody!"
The slave hits you but does no damage.
Pikel zaps a wand.
Your will is overpowered!
You are more confused.
You bump into the rock wall.
The slave barely misses you.
The slave closely misses you. x2; Pikel zaps a wand.
You resist with some effort. The slave hits you but does no damage.
The slave barely misses you.
You bump into the rock wall.
The slave barely misses you.
Pikel hits you with a +0 whip of freezing.
You die...

######
##...<#######
#...##......#
#.pp##.####.#
#.[@##.#
#.Kp##.#
#..5##..
#........
#........
..........
...###.# ....
.#


You could see Pikel, 3 slaves and a shadow imp.

Vanquished Creatures
  A sky beast (D:3)
  A slave (D:6)
  A phantom (D:4)
  A centaur (D:5)
  An elf zombie (Ossuary)
  A scorpion (D:3)
  A jelly (D:5)
  7 centaur zombies (Ossuary)
  4 human zombies (Ossuary)
  2 hounds
  A centaur skeleton (D:5)
  A gnoll shaman (D:4)
  2 orc priests (D:3)
  An orc wizard (D:4)
  Terence (D:3)
  A worker ant (D:5)
  3 mummies (Ossuary)
  8 gnolls
  11 adders
  An ooze (D:1)
  2 worms
  4 dart slugs
  7 leopard geckos
  10 orcs
  5 giant cockroaches
  5 goblins
  9 hobgoblins
  8 jackals
  A quokka (D:4)
  7 ball pythons
  7 bats
  4 frilled lizards
  12 kobolds
  A quokka skeleton (D:5)
  6 rats
  2 plants (D:1)
140 creatures vanquished.

Notes
Turn   | Place    | Note
-------+----------+-------------------------------------------
     0 | D:1      | Fang the Gargoyle Berserker began the quest for the Orb.
     0 | D:1      | Reached XP level 1. HP: 14/14 MP: 1/1
    65 | D:1      | Reached XP level 2. HP: 9/19 MP: 2/2
   359 | D:1      | Reached XP level 3. HP: 23/23 MP: 3/3
   560 | D:1      | Reached ** piety under Trog
  1206 | D:2      | Reached XP level 4. HP: 27/29 MP: 4/4
  1291 | D:2      | Reached XP level 5. HP: 20/33 MP: 5/5
  1677 | D:3      | Noticed a sky beast
  1696 | D:3      | Killed a sky beast
  1696 | D:3      | Reached XP level 6. HP: 29/39 MP: 6/6
  1700 | D:3      | Reached *** piety under Trog
  2227 | D:3      | Noticed Terence
  2255 | D:3      | Killed Terence
  2255 | D:3      | Reached skill level 5 in Fighting
  2308 | D:3      | Reached XP level 7. HP: 41/44 MP: 7/7
  3049 | D:4      | Reached **** piety under Trog
  3066 | D:4      | Found a sand-covered staircase.
  3101 | Ossuary  | Entered an ossuary
  3123 | Ossuary  | Reached skill level 5 in Armour
  3140 | Ossuary  | Reached XP level 8. HP: 16/51 MP: 8/8
  3559 | Ossuary  | Reached skill level 5 in Axes
  3923 | D:4      | Found a shattered altar of Ashenzari.
  3971 | D:5      | Entered Level 5 of the Dungeon
  4204 | D:5      | Found Isupn's Distillery.
  4488 | D:5      | Found a staircase to the Ecumenical Temple.
  4628 | D:6      | Noticed Pikel
  4659 | D:6      | HP: 1/52 [slave[Pikel] (4)]
  4661 | D:6      | Slain by Pikel

Skill      XL: |  1  2  3  4  5  6  7  8 |
---------------+-------------------------+-----
Axes           | 3 4 5 |  5.3
Dodging        | 2 3 4 |  4.5
Fighting       | 4 5 6 |  6.4
Armour         | 3 4 5 6 |  6.0

Action                   |  1- 3 |  4- 6 |  7- 9 || total
-------------------------+-------+-------+-------++-------
Melee: Hand axe          |   194 |   241 |   298 ||   733
Invok: Berserk           |     1 |     2 |     4 ||     7
  Use: Potion            |       |       |     1 ||     1
  Eat: Chunk             |     1 |     7 |     6 ||    14
       Ration            |       |       |     1 ||     1
Armor: Animal skin       |    31 |       |       ||    31
       Plate armour      |    48 |   176 |   319 ||   543
Dodge: Dodged            |    95 |   104 |   141 ||   340
Block: Other             |     5 |    20 |    23 ||    48
       Reflection        |       |       |     1 ||     1
